 Dungeon Crawl Stone Soup version 0.27.1-4-g1640c2035a (webtiles) character file.

Game seed: 4180902828599650379

15948 belegose the Covert (level 12, -10/114 HPs)
             Began as a Kobold Berserker on Nov 14, 2021.
             Was a High Priest of Trog.
             Mangled by an orc knight (16 damage)
             ... on level 11 of the Dungeon.
             The game lasted 00:47:34 (16222 turns).

belegose the Covert (Kobold Berserker)             Turns: 16222, Time: 00:47:34

Health: -10/114    AC: 13    Str: 19    XL:     12   Next: 64%
Magic:  12/12      EV: 19    Int: 10    God:    Trog [*****.]
Gold:   1035       SH:  0    Dex: 15    Spells: 11/11 levels left

rFire    . . .     SeeInvis .   a - +1 scimitar (flame)
rCold    . . .     Faith    .   (shield restricted)
rNeg     + . .     Spirit   .   K - +0 troll leather armour
rPois    .         Reflect  .   J - +0 hat {Will+}
rElec    .         Harm     .   o - +0 cloak
rCorr    .         Rampage  .   e - +2 pair of gloves {Stlth+}
Will     +....     Clarity  +   n - +0 pair of boots
Stlth    ..........             (no amulet)
HPRegen  1.29/turn              q - ring of positive energy
MPRegen  0.13/turn              (no ring)

@: berserking (expiring), studying Bows, very quick
A: small, no large weapons, nightstalker 3, iridescent scales 1, clarity, clever
1, evolution 1
a: Renounce Religion, Berserk, Trog's Hand, Brothers in Arms


You were on level 11 of the Dungeon.
You worshipped Trog.
Trog was extremely pleased with you.
You visited 3 branches of the dungeon, and saw 13 of its levels.

You collected 1125 gold pieces.
You spent 90 gold pieces at shops.

Inventory:

Hand Weapons
 a - a +1 scimitar of flaming (weapon)
 b - a +0 dagger of venom
 x - a +2 dagger of electrocution
Missiles
 c - 468 stones
 f - 42 bolts
 g - 2 throwing nets
 p - 23 boomerangs
 y - 80 poisoned darts (quivered)
Armour
 e - a +2 pair of gloves of stealth (worn)
 n - a +0 pair of boots (worn)
 o - a +0 cloak (worn)
 s - a +2 kite shield
 J - a +0 hat of willpower (worn)
 K - a +0 troll leather armour (worn)
Jewellery
 q - a ring of positive energy (left hand)
 r - a ring of ice
Wands
 v - a wand of flame (10)
 H - a wand of paralysis (6)
Scrolls
 d - 6 scrolls of teleportation
 h - 3 scrolls of enchant armour
 i - 3 scrolls of magic mapping
 j - a scroll of brand weapon {unknown}
 k - a scroll of silence {unknown}
 w - a scroll of amnesia {unknown}
 z - a scroll of immolation {unknown}
 B - a scroll of enchant weapon {unknown}
 C - a scroll of fear
 D - a scroll of summoning {unknown}
 G - a scroll of fog
Potions
 l - 2 potions of curing
 m - a potion of berserk rage
 t - 5 potions of heal wounds
 u - a potion of resistance
 A - a potion of mutation
 F - a potion of cancellation
 I - a potion of lignification


   Skills:
 + Level 9.0 Fighting
 - Level 8.4(9.4) Short Blades
 + Level 4.0(5.3) Long Blades
 + Level 8.8 Crossbows
 - Level 2.4 Throwing
 + Level 6.6 Armour
 + Level 9.6 Dodging
 + Level 10.8 Stealth
 + Level 7.3 Evocations


You had 11 spell levels left.
You didn't know any spells.
Your spell library was empty.

Dungeon Overview and Level Annotations

Branches:
Dungeon (11/15)            Temple (1/1) D:7            Lair (0/6) D:10
    Orc (1/2) D:11

Altars:
Dithmenos
Kikubaaqudgha
Okawaru
Sif Muna
Xom
Zin

Shops:
Orc:1 *??

Annotations:
D:6 1 transporter, Urokeeper's ghost, novice MiBe


Innate Abilities, Weirdness & Mutations

You are small and have problems with some larger weapons.
You are completely attuned to the shadows.
You are partially covered in iridescent scales. (AC +2)
You possess an exceptional clarity of mind.
Your mind is acute. (Int +2)
You evolve.


Message History

The orc knight is moderately wounded.
The orc knight hits you with a +0 broad axe.
You slash the orc knight! You burn the orc knight.
The orc knight is heavily wounded.
You closely miss the orc knight.
The orc knight is heavily wounded.
The orc knight barely misses you.
You riposte.
You closely miss the orc knight.
The orc knight is heavily wounded.
You hit the orc knight. You burn the orc knight.
The orc knight is severely wounded.
The orc knight hits you with a +0 broad axe.
You closely miss the orc knight.
The orc knight is severely wounded.
The orc knight closely misses you.
You riposte.
You completely miss the orc knight.
The orc knight is severely wounded.
You barely miss the orc knight.
The orc knight is severely wounded.
You hit the orc knight but do no damage.
The orc knight is severely wounded.
The orc knight hits you with a +0 broad axe!!
* * * LOW HITPOINT WARNING * * *
Unknown command.
You closely miss the orc knight.
The orc knight is severely wounded.
The orc knight closely misses you.
You hit the orc knight but do no damage.
The orc knight is severely wounded.
The orc knight hits you with a +0 broad axe!!
* * * LOW HITPOINT WARNING * * *
You barely miss the orc knight.
The orc knight is severely wounded.
The orc knight misses you.
You riposte.
You barely miss the orc knight.
The orc knight is severely wounded.
You slash the orc knight! You burn the orc knight.
The orc knight is almost dead.
You slash the orc knight! You burn the orc knight.
The orc knight is almost dead.
The orc knight hits you with a +0 broad axe!
You die...

.....##....##....##.......#......
.....##..........##.......#....).
##........................'.....>
##..........)........##..........
..........###........##...######'
..........................# #.
..........).[.............# ##
...........>..........##..# #
.........[..).)o@.....##..# #
...............(..........# ###
#....)....................# #..
#...................##.)..#####..
....)[........[.....##........'..
...##..........##..........####..
...##)...##....##..........# ###
.........##...)............#
..).......................##


You could see an orc knight (poisoned).

Vanquished Creatures
  Gastronok (D:11)
  A hydra (D:11)
  2 two-headed ogres
  Erica (D:8)
  Nergalle (D:10)
  2 orc knights (D:11)
  A gargoyle (D:10)
  A komodo dragon (D:10)
  2 trolls (D:11)
  A hornet (D:9)
  A wraith (D:11)
  A wyvern (D:4)
  10 yaks
  A shadow (D:10)
  Edmund (D:5)
  Menkaure (D:7)
  A water moccasin (D:7)
  2 black bears (D:7)
  16 orc warriors
  An ice beast (D:6)
  An ogre (Orc:1)
  6 sky beasts
  A necrophage (D:4)
  9 centaurs
  A phantom (D:3)
  4 kobold brigands
  3 bullfrogs
  A scorpion (D:5)
  A water moccasin zombie (D:6)
  14 killer bees
  4 wights (D:9)
  A howler monkey (D:10)
  14 orc priests
  3 centaur zombies
  3 hounds
  A jelly (D:6)
  A bullfrog zombie (D:6)
  2 gnoll shamans (D:5)
  A bullfrog skeleton (D:7)
  2 centaur skeletons
  An iguana (D:6)
  21 orc wizards
  2 killer bee zombies (D:8)
  A hound skeleton (D:4)
  A howler monkey zombie (D:9)
  12 gnolls
  6 adders
  A shadow imp (D:6)
  An ufetubus (D:5)
  A worm (D:2)
  A dart slug (D:3)
  46 orcs
  11 ball pythons
  5 endoplasms
  3 giant cockroaches
  8 goblins
  3 hobgoblins
  6 jackals
  2 quokkas
  5 bats
  2 frilled lizards
  28 kobolds
  3 rats
291 creatures vanquished.

Vanquished Creatures (collateral kills)
  Fannar (D:11)
1 creature vanquished.

Vanquished Creatures (others)
  33 plants (D:10)
  3 toadstools (D:2)
36 creatures vanquished.

Grand Total: 328 creatures vanquished

Notes
Turn   | Place    | Note
-------+----------+-------------------------------------------
     0 | D:1      | belegose the Kobold Berserker began the quest for the Orb.
     0 | D:1      | Reached XP level 1. HP: 14/14 MP: 1/1
   237 | D:1      | Reached XP level 2. HP: 19/19 MP: 2/2
   408 | D:1      | Reached skill level 1 in Stealth
  1094 | D:2      | Reached XP level 3. HP: 23/23 MP: 3/3
  1584 | D:2      | Reached ** piety under Trog
  1651 | D:2      | Reached skill level 1 in Throwing
  1721 | D:2      | Reached XP level 4. HP: 27/28 MP: 4/4
  1728 | D:2      | Gained mutation: Your mind is acute. (Int +2) [potion of
                  | mutation]
  1728 | D:2      | Gained mutation: You evolve. [potion of mutation]
  1728 | D:2      | Gained mutation: You possess an exceptional clarity of
                  | mind. [potion of mutation]
  2536 | D:3      | Reached skill level 2 in Stealth
  2736 | D:3      | Gained mutation: You are partially covered in iridescent
                  | scales. (AC +2) [evolution]
  3013 | D:3      | Reached XP level 5. HP: 33/33 MP: 5/5
  3551 | D:4      | Noticed a wyvern
  3717 | D:4      | Noticed a necrophage
  3760 | D:4      | Killed a necrophage
  3761 | D:4      | Reached XP level 6. HP: 38/38 MP: 6/6
  3832 | D:4      | Reached skill level 3 in Stealth
  3871 | D:4      | Reached skill level 5 in Short Blades
  3957 | D:4      | Noticed a yak
  4167 | D:3      | Reached skill level 1 in Crossbows
  4259 | D:4      | Reached XP level 7. HP: 44/44 MP: 7/7
  4306 | D:3      | Killed a yak
  4307 | D:3      | Reached skill level 4 in Stealth
  4523 | D:4      | Killed a wyvern
  4664 | D:4      | Reached XP level 8. HP: 37/48 MP: 8/8
  4787 | D:4      | Identified the +0 ring mail "Sodwohao" {Int+2}
  4986 | D:4      | Identified a scroll of acquirement
  4987 | D:4      | Acquired a +2 pair of gloves of stealth
  5026 | D:5      | Entered Level 5 of the Dungeon
  5258 | D:3      | Reached skill level 5 in Fighting
  5460 | D:5      | Reached *** piety under Trog
  5477 | D:5      | Reached skill level 5 in Dodging
  5902 | D:5      | Reached skill level 5 in Stealth
  6546 | D:5      | Noticed Edmund
  6568 | D:5      | Killed Edmund
  6804 | D:6      | Reached XP level 9. HP: 55/55 MP: 9/9
  7094 | D:6      | Found an ancient bone altar of Kikubaaqudgha.
  7120 | D:6      | Reached skill level 6 in Stealth
  7600 | D:6      | Found a transporter.
  7601 | D:6      | Noticed Urokeeper's ghost (novice MiBe)
  7604 | D:6      | Identified the +4 great mace "Podajer" {flame, rElec rF++
                  | rC+ rN+ Str-2}
  7604 | D:6      | Noticed a two-headed ogre
  7687 | D:6      | Found a shadowy altar of Dithmenos.
  7691 | D:6      | Found a shimmering altar of Xom.
  7900 | D:7      | Noticed Menkaure
  7906 | D:7      | Killed Menkaure
  7907 | D:7      | Reached skill level 1 in Evocations
  7926 | D:7      | Gained mutation: Armour fits poorly on your strangely
                  | shaped body. [evolution]
  7989 | D:7      | Reached skill level 5 in Crossbows
  8266 | D:7      | Found a staircase to the Ecumenical Temple.
  8335 | D:7      | Reached skill level 7 in Stealth
  8365 | Temple   | Entered the Ecumenical Temple
  8506 | D:7      | Reached XP level 10. HP: 61/61 MP: 10/10
  8587 | D:7      | Found a shimmering blue altar of Sif Muna.
  8745 | D:8      | Reached **** piety under Trog
  9869 | D:8      | Noticed Erica
  9894 | D:8      | Killed Erica
  9895 | D:8      | Reached skill level 5 in Armour
  9895 | D:8      | Reached skill level 8 in Stealth
 10037 | D:8      | Lost mutation: Armour fits poorly on your strangely shaped
                  | body. [evolution]
 10619 | D:9      | Found a glowing silver altar of Zin.
 10725 | D:9      | Reached ***** piety under Trog
 10885 | D:9      | Reached skill level 1 in Long Blades
 10890 | D:9      | Found an iron altar of Okawaru.
 11057 | D:9      | Reached XP level 11. HP: 67/67 MP: 11/11
 11495 | D:10     | Entered Level 10 of the Dungeon
 11718 | D:10     | Reached skill level 9 in Stealth
 11718 | D:10     | Reached skill level 5 in Evocations
 12191 | D:10     | Noticed Nergalle
 12210 | D:10     | Killed Nergalle
 12985 | D:10     | Noticed a two-headed ogre
 12989 | D:10     | Killed a two-headed ogre
 13095 | D:10     | Found a staircase to the Lair.
 13469 | D:11     | Noticed Gastronok
 13482 | D:11     | Killed Gastronok
 13483 | D:11     | Reached skill level 10 in Stealth
 13568 | D:11     | Noticed a two-headed ogre
 13645 | D:11     | Killed a two-headed ogre
 13646 | D:11     | Reached XP level 12. HP: 75/75 MP: 12/12
 13723 | D:11     | Noticed a six-headed hydra
 13727 | D:11     | Killed a six-headed hydra
 14331 | D:11     | Found a staircase to the Orcish Mines.
 14997 | D:11     | Noticed Fannar
 15020 | D:11     | Killed Fannar
 15171 | Orc:1    | Entered Level 1 of the Orcish Mines
 15285 | Orc:1    | Found Anaigu's General Store.
 15439 | Orc:1    | Found Avuept's Magic Scroll Boutique.
 15444 | Orc:1    | Bought a scroll of noise for 13 gold pieces
 15464 | Orc:1    | Found Ceotewn's Magic Scroll Shoppe.
 15469 | Orc:1    | Bought a scroll of fear for 49 gold pieces
 15469 | Orc:1    | Bought a scroll of identify for 28 gold pieces
 16219 | D:11     | HP: 3/114 [orc knight (18)]
 16222 | D:11     | Mangled by an orc knight

Illustrated notes

Levels and vault maps discovered:
D:1:      dpeg_arrival_three_same_balls, layout_basic, minivault_14
D:2:      layout_loops_ring, hangedman_decor_clover_reticule,
          minmay_gold_behind_fungi
D:3:      layout_loops_corners
D:4:      layout_basic, minmay_manual_mail
D:5:      layout_loops_ring, uniq_edmund
D:6:      layout_basic, mainiacjoe_overflow_brackets,
          amethyst_overflow_temple_binary, gammafunk_ghost_smash
D:7:      layout_loops_ring, led_sif_pool, temple_doors_e, minmay_statues_item,
          st_stairs_1, uniq_menkaure
D:8:      layout_basic, uniq_erica
D:9:      layout_rooms, mainiacjoe_overflow_six_doors_small, zin_academy
D:10:     layout_roguey, david_lair_shrubbed, uniq_nergalle
D:11:     layout_roguey, erik_orc_4, uniq_fannar, uniq_gastronok
Temple:   nicolae_temple_elliptical
Orc:1:    layout_caves, serial_shops, shop, nicolae_shop_statue_plus, shop,
          nicolae_shop_window_shopping, nicolae_shop_crystal, special_room
          [special_room_orc]

Skill      XL: |  1  2  3  4  5  6  7  8  9 10 11 12 |
---------------+-------------------------------------+-----
Stealth        | 1 2 3 4 5 7 8 10 | 10.8
Throwing       | 1 2 |  2.4
Dodging        | 3 4 5 6 7 9 |  9.6
Armour         | 2 3 4 5 6 |  6.6
Fighting       | 4 5 6 7 8 9 |  9.0
Short Blades   | 5 6 7 8 |  8.4
Crossbows      | 1 2 4 5 6 8 |  8.8
Evocations     | 2 4 6 7 |  7.3
Long Blades    | 1 3 4 |  4.0

Action                   |  1- 3 |  4- 6 |  7- 9 | 10-12 || total
-------------------------+-------+-------+-------+-------++-------
Melee: Short sword       |    51 |       |       |       ||    51
       Dagger            |    28 |   151 |   310 |   591 ||  1080
       Scimitar          |       |       |       |   246 ||   246
Throw: Boomerang         |       |       |     2 |     1 ||     3
       Dart              |       |       |       |    11 ||    11
       Throwing net      |       |       |       |     1 ||     1
Invok: Berserk           |     1 |     2 |     3 |     9 ||    15
       Brothers in Arms  |       |       |       |     1 ||     1
Evoke: Wand              |       |       |       |     2 ||     2
  Use: Potion            |       |     3 |       |     1 ||     4
       Scroll            |       |       |    10 |     5 ||    15
 Stab: Sleeping          |     9 |     6 |    20 |    18 ||    53
       Distracted        |       |     1 |       |     3 ||     4
       Paralysed         |       |       |       |     1 ||     1
Armor: Animal skin       |    13 |     4 |       |       ||    17
       Ring mail         |       |    40 |    66 |   135 ||   241
       Troll leather arm |       |       |       |    28 ||    28
Dodge: Dodged            |    57 |    92 |   136 |   562 ||   847
       Rpst.: Scimitar   |       |       |       |    48 ||    48
